 Dungeon Crawl Stone Soup version 0.19-a0-1608-g4cf22de (webtiles) character file.

14398 Amnesiac the Cruncher (level 11, -14/90 HPs)
             Began as a Mummy Gladiator on Sept 18, 2016.
             Was an Initiate of Gozag.
             Killed from afar by an orc sorcerer (17 damage)
             ... with a bolt of fire
             ... while paralysed by an orc sorcerer
             ... on level 2 of the Orcish Mines.
             The game lasted 00:19:54 (12341 turns).

Amnesiac the Cruncher (Mummy Gladiator)            Turns: 12341, Time: 00:19:55

Health: -14/90     AC: 12    Str: 18    XL:     11   Next: 88%
Magic:  0/11       EV:  2    Int:  8    God:    Gozag
Gold:   2552       SH:  0    Dex: 16    Spells: 0 memorised, 10 levels left

rFire  x . .     SeeInvis .     m - +2 quarterstaff (chaos)
rCold  + + +     Gourm    .     y - +2 scale mail {rC+}
rNeg   + + +     Faith    .     (shield currently unavailable)
rPois  ∞         Spirit   +     h - +1 helmet
rElec  .         Dismiss  .     n - +0 cloak
rCorr  .         Reflect  .     k - +0 pair of gloves
MR     +....     Harm     .     (no boots)
Stlth  ..........               b - amulet of guardian spirit
                                o - ring of protection from cold
                                g - ring of flight

@: paralysed, studying Stealth
A: no food or potions, fire vulnerability, cold resistance 1, negative energy
resistance 3, torment resistance, unbreathing
a: Potion Petition, Call Merchant, Bribe Branch, Renounce Religion, Evoke Flight


You were on level 2 of the Orcish Mines.
You worshipped Gozag.
Gozag was most pleased with you.
You were not hungry.

You visited 3 branches of the dungeon, and saw 15 of its levels.

You collected 2615 gold pieces.
You paid 63 gold pieces to Gozag.

Inventory:

Hand Weapons
 a - a +0 quarterstaff
 m - a +2 quarterstaff of chaos (weapon)
 q - a +0 quarterstaff of freezing
Missiles
 d - 3 throwing nets (quivered)
Armour
 h - a +1 helmet (worn)
 k - a +0 pair of gloves (worn)
 n - a +0 cloak (worn)
 y - a +2 scale mail of cold resistance (worn)
Jewellery
 b - an amulet of guardian spirit (around neck)
 g - a ring of flight (left hand)
 o - a ring of protection from cold (right hand)
 s - an uncursed ring of protection from cold
Wands
 e - a wand of disintegration (7/24)
 f - a wand of lightning (3/15)
 z - a wand of slowing (6/48)
Scrolls
 c - 5 scrolls of remove curse
 i - 2 scrolls of teleportation {unknown}
 j - 3 scrolls of immolation
 l - 3 scrolls of enchant weapon
 p - 2 scrolls of enchant armour
 r - 3 scrolls of acquirement {unknown}
 t - 2 scrolls of magic mapping
 u - 3 scrolls of amnesia
 x - a scroll of identify
 A - a scroll of vulnerability
 B - a scroll of fear
Books
 v - a manual of Stealth
 w - a book of Minor Magic

   Spells                             Type                      Level
   a - Magic Dart                     Conjuration                  1
   b - Blink                          Translocation                2
   c - Call Imp                       Summoning                    2
   d - Repel Missiles                 Charms/Air                   2
   e - Slow                           Hexes                        2
   f - Conjure Flame                  Conjuration/Fire             3
   g - Mephitic Cloud                 Conjuration/Poison/Air       3


   Skills:
 - Level 10.0 Fighting
 - Level 12.0 Staves
 - Level 1.5 Throwing
 + Level 8.0 Dodging


You had 10 spell levels left.
You didn't know any spells.

Dungeon Overview and Level Annotations

Branches:
Dungeon (12/15)            Temple (1/1) D:4            Lair (0/6) D:11
    Orc (2/2) D:10
    Elf: Orc:2

Altars:
Ashenzari
Cheibriados
Dithmenos
Elyvilon
Fedhas
Gozag
Hepliaklqana
Kikubaaqudgha
Makhleb
Nemelex Xobeh
Okawaru
Qazlal
Ru
Sif Muna
Trog
Uskayaw
Vehumet
Xom
Yredelemnul
Zin
The Shining One

Shops:
D:5 !

Annotations:
D:11 exclusion: oklob plant


Innate Abilities, Weirdness & Mutations

You do not eat or drink.
Your flesh is vulnerable to fire.
You are immune to poison.
Your flesh is cold resistant. (rC+)
You are immune to negative energy. (rN+++)
You are immune to unholy pain and torment.
You can survive without breathing.


Message History

You suddenly lose the ability to move!
The orc sorcerer hits you with a dagger.
The troll bites you but does no damage. The troll barely misses you.
The troll claws you!
The orc sorcerer points at you and mumbles some strange words.
You shrug off the repeated paralysis!
The orc sorcerer gestures at you while chanting.
The bolt of fire hits you! The fire burns you terribly!
* * * LOW HITPOINT WARNING * * *
The troll bites you!
* * * LOW HITPOINT WARNING * * *
The troll claws you!
* * * LOW HITPOINT WARNING * * *
The troll claws you.
* * * LOW HITPOINT WARNING * * *
The orc sorcerer hits you but does no damage.
The orc sorcerer casts a spell at you. The bolt of fire hits you!
The fire burns you terribly!
You die...
Your body crumbles into a pile of gold.

..... #.....)........#
.... ###............#
.... ##........)..##
..... #.......<[....##
..$..###......#.......#
$
......................#
##......................
.......T<..<.#.#.#......
.......@....####.#......
.......oo...# #.##.....
...$.......## ... .....
..........## #.# .....
#.###....## ## #..#. ##
##..## #.## ##


You could see a troll and 2 orc sorcerers.

Vanquished Creatures
  Fannar (D:11)
  Erolcha (D:10)
  A hydra (D:10)
  Nergalle (D:10)
  An unseen horror (D:11)
  3 hill giants
  An ugly thing (D:9)
  3 trolls
  A two-headed ogre (D:10)
  A wraith (D:10)
  A wyvern (D:8)
  Eustachio (D:5)
  3 yaks (D:9)
  A steam dragon (D:11)
  2 hogs (D:9)
  A human (D:9)
  A hungry ghost (D:11)
  A mottled dragon (D:11)
  7 orc warriors
  2 ice beasts
  3 sky beasts
  A black bear (D:8)
  3 phantoms
  A wasp (shapeshifter) (D:9)
  4 ogres
  3 centaurs
  A big kobold (D:7)
  7 bullfrogs
  A gnoll sergeant (D:9)
  A wyvern zombie (D:11)
  4 scorpions
  13 killer bees
  7 wights
  3 electric eels (D:7)
  5 crimson imps
  6 howler monkeys
  2 bullfrog zombies
  2 centaur zombies
  3 hounds
  8 orc priests
  3 jellies
  Crazy Yiuf (D:2)
  A bullfrog skeleton (D:10)
  2 centaur skeletons
  4 iguanas
  Terence (D:2)
  Natasha (thrice) (D:4)
  20 orc wizards
  9 worker ants
  The ghost of 4thArraOfDagon the Gusty, a weakling HEAE (D:5)
  A hound skeleton (D:8)
  A howler monkey zombie (D:7)
  2 worker ant zombies (D:9)
  6 adders
  17 gnolls
  A shadow imp (D:11)
  3 worms
  12 dart slugs
  7 leopard geckos
  39 orcs
  A ball python (D:3)
  7 bats
  7 giant cockroaches
  13 goblins
  3 hobgoblins
  9 kobolds
  2 quokkas
  3 frilled lizards
  8 rats
  2 plants (D:11)
301 creatures vanquished.

Vanquished Creatures (others)
  A black bear (D:11)
1 creature vanquished.

Grand Total: 302 creatures vanquished

Notes
Turn   | Place    | Note
-------+----------+-------------------------------------------
     0 | D:1      | Amnesiac the Mummy Gladiator began the quest for the Orb.
     0 | D:1      | Reached XP level 1. HP: 16/16 MP: 1/1
   211 | D:2      | Found a white marble altar of Elyvilon.
   468 | D:2      | Reached XP level 2. HP: 22/22 MP: 2/2
   567 | D:3      | Noticed an orc warrior
   571 | D:3      | Reached skill level 3 in Staves
   663 | D:2      | Found an iron altar of Okawaru.
   702 | D:2      | Found a basalt altar of Yredelemnul.
   720 | D:2      | Reached XP level 3. HP: 26/28 MP: 3/3
   785 | D:3      | Killed an orc warrior
   785 | D:3      | Reached skill level 4 in Staves
   785 | D:3      | Reached XP level 4. HP: 14/35 MP: 4/4
   791 | D:3      | Reached XP level 5. HP: 15/41 MP: 5/5
   918 | D:4      | Found a radiant altar of Vehumet.
  1370 | D:4      | Noticed Natasha
  1392 | D:4      | Killed Natasha
  1543 | D:4      | Reached XP level 6. HP: 44/48 MP: 4/6
  1585 | D:4      | Noticed Natasha
  1595 | D:4      | Killed Natasha
  1612 | D:4      | Noticed Natasha
  1614 | D:4      | Found a staircase to the Ecumenical Temple.
  1622 | D:4      | Killed Natasha
  1622 | D:4      | Reached skill level 5 in Staves
  1634 | Temple   | Entered the Ecumenical Temple
  1690 | Temple   | Became a worshipper of Gozag Ym Sagoz the Greedy
  2753 | D:2      | Noticed Terence
  2765 | D:2      | Killed Terence
  2823 | D:2      | Found a glowing golden altar of the Shining One.
  2851 | D:2      | Noticed a profane servitor
  2900 | D:2      | Found a runed door.
  3125 | D:2      | Noticed an angel
  3176 | D:2      | Noticed Crazy Yiuf
  3184 | D:2      | Killed Crazy Yiuf
  3427 | D:3      | Found a deep blue altar of Sif Muna.
  3501 | D:3      | Found a shattered altar of Ashenzari.
  3581 | D:3      | Reached XP level 7. HP: 49/55 MP: 7/7
  4039 | D:4      | Reached skill level 5 in Fighting
  4124 | D:5      | Entered Level 5 of the Dungeon
  4171 | D:5      | Reached skill level 6 in Staves
  4210 | D:5      | Noticed 4thArraOfDagon's ghost (weakling HEAE)
  4217 | D:5      | Killed 4thArraOfDagon's ghost
  4268 | D:5      | Found a stormy altar of Qazlal.
  4432 | D:5      | Reached XP level 8. HP: 27/64 MP: 3/8
  4435 | D:5      | Reached skill level 7 in Staves
  4543 | D:5      | Found Oseddyrr's Distillery.
  4637 | D:5      | Noticed Eustachio
  4659 | D:5      | Killed Eustachio
  4920 | D:6      | Found a radiant altar of Vehumet.
  4948 | D:6      | Reached skill level 8 in Staves
  5331 | D:6      | Found an ancient bone altar of Kikubaaqudgha.
  5495 | D:7      | Found a bloodstained altar of Trog.
  5564 | D:7      | Reached XP level 9. HP: 71/72 MP: 9/9
  5935 | D:7      | Reached skill level 9 in Staves
  6639 | D:8      | Found a snail-covered altar of Cheibriados.
  6759 | D:8      | Reached skill level 10 in Staves
  7074 | D:8      | Found a hazy altar of Hepliaklqana.
  7442 | D:9      | Reached XP level 10. HP: 79/82 MP: 8/10
  7879 | D:9      | Noticed a brown ugly thing
  7893 | D:9      | Noticed a hill giant
  8516 | D:9      | Killed a hill giant
  8516 | D:9      | Reached skill level 11 in Staves
  8602 | D:9      | Killed a brown ugly thing
  8757 | D:9      | Noticed an angel
  8758 | D:9      | Found a glowing silver altar of Zin.
  8935 | D:10     | Entered Level 10 of the Dungeon
  8935 | D:10     | Noticed Nergalle
  8947 | D:10     | Killed Nergalle
  8980 | D:10     | Noticed a seven-headed hydra
  9072 | D:10     | Found a staircase to the Orcish Mines.
  9144 | D:10     | Killed a seven-headed hydra
  9144 | D:10     | Reached skill level 10 in Fighting
  9144 | D:10     | Reached XP level 11. HP: 56/90 MP: 6/11
  9460 | D:10     | Reached skill level 12 in Staves
  9715 | D:10     | Noticed Erolcha
  9729 | D:10     | Killed Erolcha
 10125 | D:11     | Killed an unseen horror
 10212 | D:11     | Noticed Fannar
 10228 | D:11     | Reached skill level 5 in Dodging
 10268 | D:11     | Killed Fannar
 10559 | D:11     | Found a staircase to the Lair.
 10559 | D:11     | Noticed an oklob plant
 10984 | D:11     | Noticed a hill giant
 11009 | D:11     | Killed a hill giant
 11344 | D:11     | Noticed a green ugly thing
 11728 | Orc:1    | Entered Level 1 of the Orcish Mines
 11765 | Orc:1    | Noticed a hill giant
 11778 | Orc:1    | Killed a hill giant
 11944 | Orc:2    | Entered Level 2 of the Orcish Mines
 12329 | Orc:2    | Noticed an orc sorcerer
 12339 | Orc:2    | Paralysed by an orc sorcerer for 4 turns
 12341 | Orc:2    | HP: 4/90 [troll (9)]
 12341 | Orc:2    | Killed from afar by an orc sorcerer

Vault maps used:
D:1:      minmay_arrival_semitransparent
D:2:      grunt_temple_overflow_holy_war, elyvilon_altar_5, okawaru_gym_becter,
          first_bread, uniq_terence, uniq_crazy_yiuf_cottage
D:3:      lemuel_crystal_altar, lemuel_crystal_altar, portal_sewer_entry_f
D:4:      vehumet_crystals, kennysheep_generic_room_4, uniq_natasha
D:5:      marbit_many_paths, serial_shops, shop, uniq_eustachio
D:6:      kiku_gazebo_garden_becter, basic_altar
D:7:      kennysheep_slugbush, basic_altar
D:8:      overflow_temple_1_default, nicolae_overflow_hidden_temple
D:9:      zin_angel, grunt_livestock
D:10:     david_orc_3, fungi_pond_lemuel, uniq_erolcha, uniq_nergalle
D:11:     dpeg_oklobed_lair, uniq_fannar
Temple:   compressed_dpeg_triangle_lava_temple
Orc:1:    uniq_erica
Orc:2:    st_orc_rangers, nicolae_for_you_no_charge

Skill      XL: |  1  2  3  4  5  6  7  8  9 10 11 |
---------------+----------------------------------+-----
Staves         | 3 4 5 6 8 10 11 12 | 12.0
Fighting       | 3 4 5 7 8 10 | 10.0
Dodging        | 8 |  8.0
Throwing       | |  1.5

Action                   |  1- 3 |  4- 6 |  7- 9 | 10-12 || total
-------------------------+-------+-------+-------+-------++-------
Melee: Quarterstaff      |    56 |   200 |   441 |   570 ||  1267
Invok: Potion Petition   |       |       |     1 |       ||     1
Evoke: Wand              |     5 |     4 |     3 |     7 ||    19
  Use: Scroll            |     2 |     1 |     5 |     6 ||    14
 Stab: Sleeping          |     1 |       |       |       ||     1
       Paralysed         |       |       |     4 |     3 ||     7
       Petrifying        |       |       |     2 |     4 ||     6
       Confused          |       |       |     1 |     3 ||     4
       Petrified         |       |       |     9 |     8 ||    17
       Distracted        |       |       |     1 |     1 ||     2
Armor: Ring mail         |    27 |    63 |   139 |       ||   229
       Leather armour    |     1 |       |       |       ||     1
       Scale mail        |       |       |     4 |   182 ||   186
Dodge: Dodged            |    25 |   105 |   229 |   264 ||   623
